[Event "Titled Tuesday Blitz December 06 Early 2022"]
[White "Korchmar, Vasiliy"]
[Black "Timofeev, Artyom"]
[WhiteFideId "24131750"]
[BlackFideId "4140419"]
[WhiteElo "2370"]
[BlackElo "2586"]
[Result "0-1"]
[Round "10"]
[TimeControl "180+1"]
[Date "2022.12.06"]
[WhiteClock "0:00:04"]
[BlackClock "0:00:09"]

1. e4 c5 2. Nf3 Nc6 3. d4 cxd4 4. Nxd4 Nf6 5. Nc3 d6 6. Bb5 Bd7 7. Bg5 e6 8. Qd3 h6 9. Bh4 Ne5 10. Qe2 a6 11. Bxd7+ Nexd7 12. f4 Be7 13. e5 dxe5 14. fxe5 Nd5 15. Bxe7 Nxc3 16. bxc3 Qxe7 17. O-O O-O 18. Rf3 Rac8 19. Rg3 Rc5 20. Qh5 Nxe5 21. Qxh6 Ng6 22. Qe3 Re5 23. Qf2 Qf6 24. Qd2 Qf4 25. Qd3 Qe4 26. Qd2 b5 27. Rf1 Qd5 28. Qf2 Rg5 29. Rf3 f6 30. Rh3 Ne5 31. Ne2 Ng6 32. Nd4 Rc8 33. Kh1 Rc4 34. Nf3 Rf5 35. Qa7 Rc8 36. Rg3 Kh7 37. Qxa6 Rd8 38. Qa7 Rh5 39. Qc7 Rd7 40. Qc8 Nf4 41. Kg1 Ne2+ 42. Kf2 Nxg3 43. Kxg3 Qd6+ 44. Kf2 Qc7 45. Qxc7 Rxc7 46. Rb1 Rxc3 47. Rb2 Rhc5 48. Nd4 e5 49. Nxb5 Rxc2+ 50. Rxc2 Rxc2+ 51. Kf3 Rxa2 0-1


[Site "https://www.chess.com"]

[Event "Titled Tuesday Blitz December 06 Early 2022"]
[White "Kuchava, Ana"]
[Black "Makhmudov, Shukhrat"]
[WhiteFideId "13605348"]
[BlackFideId "14200775"]
[WhiteElo "2001"]
[BlackElo "2135"]
[Result "1-0"]
[Round "10"]
[TimeControl "180+1"]
[Date "2022.12.07"]
[WhiteClock "0:00:14"]
[BlackClock "0:00:06"]

1. d4 Nf6 2. Nf3 d5 3. c4 e6 4. Nc3 Bb4 5. Qa4+ Nc6 6. e3 O-O 7. Bd3 dxc4 8. Bxc4 a6 9. Qc2 Bd6 10. O-O e5 11. d5 Ne7 12. e4 Ng6 13. h3 h6 14. Be3 Nh5 15. Rac1 Qf6 16. Rfd1 Bxh3 17. Bf1 Bg4 18. Be2 Nhf4 19. Ne1 Nxe2+ 20. Nxe2 Nf4 21. Nxf4 exf4 22. Bd4 Qg5 23. Rd3 Rae8 24. f3 Bd7 25. Qc3 f6 26. Bc5 Be5 27. Bd4 Qh4 28. Bxe5 Rxe5 29. Qxc7 Bb5 30. d6 Bxd3 31. Nxd3 Rh5 32. d7 f5 33. Ne5 fxe4 34. Qc4+ Kh7 35. Qxe4+ Kg8 36. Qc4+ Kh7 37. Nf7 Qh1+ 38. Kf2 Qh4+ 39. Ke2 Qe7+ 40. Qe4+ Qxe4+ 41. fxe4 1-0


[Site "https://www.chess.com"]

[Event "Titled Tuesday Blitz December 06 Early 2022"]
[White "Kyaw Lay Htaik"]
[Black "Moksh Amit Doshi"]
[WhiteFideId "13002007"]
[BlackFideId "25064967"]
[WhiteElo "2261"]
[BlackElo "2297"]
[Result "0-1"]
[Round "10"]
[TimeControl "180+1"]
[Date "2022.12.07"]
[WhiteClock "0:00:19"]
[BlackClock "0:01:18"]

1. d4 Nf6 2. Nf3 g6 3. Bf4 Bg7 4. Nc3 d5 5. e3 O-O 6. h3 c5 7. Be2 Qb6 8. Na4 Qa5+ 9. c3 c4 10. O-O Ne4 11. b3 b5 12. Nc5 Nxc3 13. Qd2 Nd7 14. Nxd7 Bxd7 15. Rfc1 Nxe2+ 16. Qxe2 Bf5 17. a4 Bd3 18. Qe1 b4 19. Ne5 Bxe5 20. Bxe5 cxb3 21. Qd2 Bc2 22. e4 dxe4 23. Qh6 f6 24. Bf4 b2 0-1


[Site "https://www.chess.com"]

[Event "Titled Tuesday Blitz December 06 Early 2022"]
[White "Lakshmi C"]
[Black "Forgacs, Attila Jr."]
[WhiteFideId "25035347"]
[BlackFideId "773654"]
[WhiteElo "1942"]
[BlackElo "2168"]
[Result "1-0"]
[Round "10"]
[TimeControl "180+1"]
[Date "2022.12.07"]
[WhiteClock "0:00:03"]
[BlackClock "0:00:19"]

1. e4 e5 2. Nf3 Nc6 3. Bb5 a6 4. Ba4 Nf6 5. O-O Be7 6. Re1 b5 7. Bb3 O-O 8. h3 Bb7 9. c3 d5 10. exd5 Nxd5 11. d4 exd4 12. cxd4 Bf6 13. Nc3 Nxc3 14. bxc3 b4 15. Bb2 bxc3 16. Bxc3 Qd7 17. Qd3 Rad8 18. Rad1 Rfe8 19. Qc4 Nb8 20. Ne5 Bxe5 21. dxe5 Qe7 22. Bb4 Qg5 23. Qxf7+ Kh8 24. f3 Nc6 25. Rxd8 Rxd8 26. e6 Ne5 27. e7 Nxf3+ 28. Qxf3 Re8 29. Qxb7 h5 30. Qc6 Qg6 31. Qxg6 Rb8 32. Qxh5# 1-0


[Site "https://www.chess.com"]

[Event "Titled Tuesday Blitz December 06 Early 2022"]
[White "Larina, Maria"]
[Black "Fernandez Hernandez, Gerardo"]
[WhiteFideId "24113182"]
[BlackFideId "2207400"]
[WhiteElo "1848"]
[BlackElo "2178"]
[Result "0-1"]
[Round "10"]
[TimeControl "180+1"]
[Date "2022.12.07"]
[WhiteClock "0:00:00"]
[BlackClock "0:00:05"]

1. e4 e6 2. d4 d5 3. Nc3 Nc6 4. e5 f6 5. f4 fxe5 6. fxe5 Qh4+ 7. g3 Qxd4 8. Qxd4 Nxd4 9. Bd3 Bd7 10. Be3 Nc6 11. Bf4 Be7 12. O-O-O g5 13. Be3 d4 14. Nb5 dxe3 15. Nxc7+ Kd8 16. Nxa8 Kc8 17. Ne2 Nh6 18. Rhf1 Nxe5 19. Be4 Bc6 20. Bxc6 bxc6 21. Nd4 Kb7 22. Rde1 Kxa8 23. Rxe3 Bd6 24. Nxe6 Nhg4 25. Re2 Re8 26. Ng7 Re7 27. Nf5 Rf7 28. h3 Nh6 29. g4 Nxf5 30. gxf5 Kb7 31. Rd1 Kc7 32. Red2 Bc5 33. Re2 Bd6 34. Red2 Bc5 35. c3 Rxf5 36. Re2 h5 37. Rde1 Bd6 38. Kc2 Rf3 39. h4 g4 40. b4 Nc4 41. Re6 Rf7 42. Rh6 Rg7 43. Rxh5 g3 44. Rg1 Ne3+ 45. Kd3 g2 46. Rg5 Rxg5 47. hxg5 Nf5 48. Ke4 Nh4 49. g6 Nxg6 50. Rxg2 Nf4 51. Rg7+ Kb6 52. Kf5 Nd3 53. Ke6 Bc7 54. c4 Nxb4 55. Rd7 c5 56. a3 Nc6 57. a4 Nd4+ 58. Kf7 a6 59. a5+ Kc6 60. Re7 Nb3 61. Re6+ Bd6 62. Ke8 Nxa5 63. Kd8 Nxc4 64. Kc8 a5 65. Re2 a4 66. Ra2 a3 67. Kd8 Kb5 0-1


[Site "https://www.chess.com"]

[Event "Titled Tuesday Blitz December 06 Early 2022"]
[White "Lauridsen, Jesper Morch"]
[Black "Clawitter, Craig"]
[WhiteFideId "1401890"]
[BlackFideId "2023105"]
[WhiteElo "2257"]
[BlackElo "2188"]
[Result "0-1"]
[Round "10"]
[TimeControl "180+1"]
[Date "2022.12.07"]
[WhiteClock "0:00:14"]
[BlackClock "0:00:08"]

1. e4 e6 2. d4 d5 3. e5 c5 4. c3 Qb6 5. Nf3 Nc6 6. Bd3 cxd4 7. O-O Bd7 8. h4 Nge7 9. Re1 Rc8 10. h5 h6 11. Nbd2 dxc3 12. bxc3 Na5 13. Rb1 Qc7 14. Ba3 Nec6 15. c4 Bxa3 16. cxd5 exd5 17. e6 Bxe6 18. Rxe6+ fxe6 19. Bg6+ Ke7 20. Qa4 Bd6 21. Qh4+ Kf8 22. Re1 Qe7 23. Qg4 Nd8 24. Nh4 Nc4 25. Bf5 exf5 26. Qxf5+ Qf6 27. Ng6+ Kg8 28. Qxd5+ Nf7 29. Nxc4 Qc3 30. Re4 Qc1+ 31. Qd1 Qxd1+ 32. Re1 Qxe1# 0-1


[Site "https://www.chess.com"]

[Event "Titled Tuesday Blitz December 06 Early 2022"]
[White "Lawson, Eric"]
[Black "Sadilek, Peter"]
[WhiteFideId "2604116"]
[BlackFideId "1616439"]
[WhiteElo "2583"]
[BlackElo "2227"]
[Result "0-1"]
[Round "10"]
[TimeControl "180+1"]
[Date "2022.12.07"]
[WhiteClock "0:00:10"]
[BlackClock "0:00:10"]

1. e4 g6 2. d4 d6 3. Nc3 a6 4. f4 b5 5. Nf3 Bg7 6. Bd3 Nd7 7. e5 c5 8. Be4 Rb8 9. Be3 Nh6 10. dxc5 Ng4 11. Bg1 b4 12. Na4 dxe5 13. c6 Ndf6 14. Qxd8+ Kxd8 15. Bd3 e4 16. Ng5 exd3 17. Nxf7+ Kc7 18. Nxh8 Bxh8 19. h3 Nh6 20. g4 Nd5 21. cxd3 Nxf4 22. Bh2 g5 23. Rc1 Be5 24. Kd2 Nf7 25. d4 Bxd4 26. h4 e5 27. hxg5 Nxg5 28. Nc5 Nf3+ 29. Kd1 Bxg4 30. Bxf4 exf4 31. Nxa6+ Kc8 32. Nxb8 Kxb8 33. Kc2 h5 34. Kb3 Kc7 35. Kxb4 Ne5 36. Kb5 f3 37. Rhd1 Be3 38. Rc3 f2 39. Rf1 Be2+ 40. Kb4 Bxf1 41. Rxe3 Ba6 42. Rxe5 f1=Q 43. Re7+ Kxc6 44. Re6+ Kd5 45. Rxa6 Qxa6 46. a4 h4 47. b3 h3 48. a5 h2 49. Ka4 h1=Q 50. b4 Qa1+ 0-1


[Site "https://www.chess.com"]

[Event "Titled Tuesday Blitz December 06 Early 2022"]
[White "Laylo, Darwin"]
[Black "Zhigalko, Sergei"]
[WhiteFideId "5201330"]
[BlackFideId "13502956"]
[WhiteElo "2335"]
[BlackElo "2662"]
[Result "0-1"]
[Round "10"]
[TimeControl "180+1"]
[Date "2022.12.06"]
[WhiteClock "0:00:07"]
[BlackClock "0:00:03"]

1. d4 Nf6 2. Nf3 e6 3. g3 b5 4. Bg2 Bb7 5. O-O c5 6. c3 Be7 7. a4 b4 8. Nbd2 cxd4 9. cxd4 O-O 10. Re1 d5 11. Nb3 Nbd7 12. Bf4 a5 13. Rc1 Qb6 14. Bc7 Qa6 15. Nxa5 Rfc8 16. Nxb7 Qxb7 17. Bf4 Rxc1 18. Bxc1 b3 19. Nd2 Rb8 20. e4 dxe4 21. Nxe4 Qb4 22. Nc3 Nb6 23. d5 Rd8 24. Bd2 Nc4 25. Ne4 Qxa4 26. dxe6 Nxd2 27. exf7+ Kf8 28. Ng5 Qb4 29. Ne6+ Kxf7 30. Nxd8+ Bxd8 31. Re2 Ba5 32. h3 Qd4 33. g4 Nf3+ 34. Bxf3 Qxd1+ 35. Kg2 Qd6 36. g5 Ne8 37. Re4 Bc7 38. Kf1 g6 39. Rc4 Ng7 40. Rc3 Nf5 41. Rxb3 Nd4 42. Rd3 Qe5 43. Bg4 Bb6 44. Kg2 Qxg5 45. Kf1 h5 0-1


[Site "https://www.chess.com"]

[Event "Titled Tuesday Blitz December 06 Early 2022"]
[White "Leve, Nitai"]
[Black "Oro, Faustino"]
[WhiteFideId "2006898"]
[BlackFideId "20000197"]
[WhiteElo "2144"]
[BlackElo "1984"]
[Result "1-0"]
[Round "10"]
[TimeControl "180+1"]
[Date "2022.12.07"]
[WhiteClock "0:00:04"]
[BlackClock "0:00:02"]

1. e4 c5 2. Nf3 d6 3. d4 cxd4 4. Qxd4 Nc6 5. Bb5 Bd7 6. Bxc6 Bxc6 7. Nc3 Nf6 8. Bg5 e5 9. Qd3 Be7 10. O-O-O Ng4 11. Bxe7 Qxe7 12. Qe2 Nf6 13. g4 O-O 14. g5 Nd7 15. h4 Nc5 16. Nd5 Bxd5 17. exd5 f5 18. Kb1 Rab8 19. h5 b5 20. Nd4 Qd7 21. Nc6 Rb6 22. f4 e4 23. Qe3 Re8 24. h6 g6 25. Qc3 Qf7 26. b3 Rb7 27. Rd4 Rc7 28. Qb2 e3 29. Re1 e2 30. Rd2 Ne4 31. Rdxe2 Qxd5 32. Nb4 Qc5 33. Nd3 Qd5 34. Ka1 a5 35. Nf2 Ree7 36. Nxe4 fxe4 37. c4 bxc4 38. bxc4 Qxc4 39. Re3 d5 40. Qf6 Re8 41. Rb3 Qc5 42. Reb1 Rf7 43. Qb2 Ref8 44. Rb8 Qe7 45. Rb7 Qe6 46. Rb6 Qe7 47. Rh1 d4 48. Qxd4 Rxf4 49. Rxg6+ hxg6 50. h7+ Qxh7 51. Rxh7 Kxh7 52. Kb2 R8f7 53. Kc3 e3 54. Qd1 Rf3 55. Qh1+ Kg8 56. Qh6 Rg7 57. Qh1 Rf5 58. Qa8+ Kh7 59. Qh1+ Kg8 60. Qc6 Rf8 61. Qe6+ Kh7 62. Qxe3 Rc7+ 63. Kb3 Rb8+ 64. Ka4 Rb4+ 65. Kxa5 Rbb7 66. Qh3+ Kg7 67. Qe6 Rc5+ 68. Ka4 Rxg5 69. Qc6 Rf7 70. Qc3+ Kh6 71. Kb3 Rf4 72. a4 Rh5 73. Qh8+ Kg5 74. Qd8+ Kg4 75. Qd1+ Kf5 76. Qd5+ Kf6 77. Qg2 Rg5 78. Qb2+ Kf5 79. Ka3 Rg3+ 80. Ka2 Rfg4 81. Qb5+ Kf6 82. Qc6+ Kg5 83. a5 Rg2+ 84. Kb1 Rg1+ 85. Kc2 R1g2+ 86. Kb1 R2g3 87. a6 Rb3+ 88. Kc1 Ra3 89. Qc5+ Kh6 90. Qxa3 1-0


[Site "https://www.chess.com"]

[Event "Titled Tuesday Blitz December 06 Early 2022"]
[White "Levine, David"]
[Black "Shapiro, Daniel"]
[WhiteFideId "2011611"]
[BlackFideId "2001780"]
[WhiteElo "2187"]
[BlackElo "2290"]
[Result "0-1"]
[Round "10"]
[TimeControl "180+1"]
[Date "2022.12.07"]
[WhiteClock "0:01:06"]
[BlackClock "0:01:16"]

1. d4 Nf6 2. c4 e6 3. g3 d5 4. Bg2 Bb4+ 5. Bd2 Be7 6. Nf3 c6 7. O-O O-O 8. Qc2 b6 9. Rd1 Ba6 10. b3 Nbd7 11. Bf4 Rc8 12. Nbd2 c5 13. dxc5 Bxc5 14. Qb2 Qe7 15. a3 e5 16. Nxe5 Nxe5 17. Bxe5 Bxf2+ 18. Kxf2 Ng4+ 19. Kg1 Nxe5 20. Bxd5 Ng4 21. Nf1 Rfe8 22. e4 b5 23. Qd4 Ne5 24. Nd2 bxc4 25. bxc4 Bxc4 26. Nxc4 Nf3+ 0-1


[Site "https://www.chess.com"]

[Event "Titled Tuesday Blitz December 06 Early 2022"]
[White "Manon-og, Ramon Jr."]
[Black "Stijve, Theo"]
[WhiteFideId "5200776"]
[BlackFideId "1331132"]
[WhiteElo "2365"]
[BlackElo "2256"]
[Result "1-0"]
[Round "10"]
[TimeControl "180+1"]
[Date "2022.12.07"]
[WhiteClock "0:01:58"]
[BlackClock "0:01:20"]

1. e4 e5 2. Nf3 Nf6 3. Nxe5 Nxe4 4. Nc3 Nxc3 5. dxc3 d6 6. Nf3 Be6 7. Bd3 Nc6 8. O-O Be7 9. h3 O-O 10. Nd4 Ne5 11. Be4 d5 12. Bxh7+ Kxh7 13. Qh5+ Kg8 14. Qxe5 Bf6 15. Nxe6 Bxe5 16. Nxd8 Raxd8 17. Re1 Rfe8 18. Be3 a6 19. Rad1 c6 20. Bb6 Rc8 21. Bc5 g6 22. Kf1 Kg7 23. Re2 Bf6 24. Rde1 Rh8 25. Bd4 Rh4 26. Bxf6+ Kxf6 27. Re7 b5 28. Ra7 Ra4 29. a3 c5 30. Ree7 Rf8 31. Rec7 Rc4 32. Rxa6+ Ke5 33. Rb6 d4 34. cxd4+ cxd4 35. Rxb5+ 1-0


[Site "https://www.chess.com"]

[Event "Titled Tuesday Blitz December 06 Early 2022"]
[White "Matinian, Nikita"]
[Black "Raahul V S"]
[WhiteFideId "24129100"]
[BlackFideId "25035525"]
[WhiteElo "2422"]
[BlackElo "2202"]
[Result "1-0"]
[Round "10"]
[TimeControl "180+1"]
[Date "2022.12.07"]
[WhiteClock "0:02:37"]
[BlackClock "0:01:59"]

1. e4 e6 2. d4 d5 3. Nc3 Nf6 4. e5 Nfd7 5. f4 c5 6. Nf3 Be7 7. Be3 b6 8. h4 Nc6 9. Bb5 Bb7 10. h5 a6 11. Bxc6 Bxc6 12. Qd2 Qc7 13. g4 b5 14. dxc5 Nxc5 15. Bxc5 Bxc5 16. Nd4 b4 17. Nce2 Bb5 18. O-O-O a5 19. Nxb5 Qb6 20. Nd6+ 1-0


[Site "https://www.chess.com"]

[Event "Titled Tuesday Blitz December 06 Early 2022"]
[White "Matveeva, Olga"]
[Black "Franca, Ricardo Bedin"]
[WhiteFideId "24107018"]
[BlackFideId "2107066"]
[WhiteElo "2056"]
[BlackElo "2463"]
[Result "1/2-1/2"]
[Round "10"]
[TimeControl "180+1"]
[Date "2022.12.07"]
[WhiteClock "0:00:18"]
[BlackClock "0:00:27"]

1. d4 Nf6 2. c4 c5 3. d5 e6 4. Nc3 exd5 5. cxd5 d6 6. e4 g6 7. h3 Bg7 8. Nf3 a6 9. a4 Nh5 10. Bd3 Nd7 11. O-O Ne5 12. Be2 Nxf3+ 13. Bxf3 Qh4 14. Bxh5 gxh5 15. Qd3 Be5 16. Ne2 Rg8 17. Kh1 Bg4 18. Ra3 O-O-O 19. f4 Bxe2 20. Qxe2 Bd4 21. a5 Rde8 22. b4 f5 23. e5 dxe5 24. bxc5 exf4 25. Qc4 Re1 26. c6 Rxf1+ 27. Qxf1 Qf2 28. Qxf2 Bxf2 29. Bxf4 Re8 30. cxb7+ Kxb7 31. Rb3+ Ka7 32. h4 Re1+ 33. Kh2 Rd1 34. d6 Bc5 35. Rc3 Bxd6 36. Bxd6 Rxd6 37. Rc7+ Kb8 38. Rxh7 Rd5 39. Rxh5 Rxa5 40. g4 Ra2+ 41. Kg3 fxg4 42. Kxg4 Kb7 43. Rh7+ Kb6 44. h5 a5 45. h6 a4 46. Rh8 Rh2 47. Ra8 Rxh6 48. Rxa4 1/2-1/2


[Site "https://www.chess.com"]

[Event "Titled Tuesday Blitz December 06 Early 2022"]
[White "Mkrtchian, Lilit"]
[Black "Berezin, Viktor"]
[WhiteFideId "13300601"]
[BlackFideId "14107872"]
[WhiteElo "2316"]
[BlackElo "2310"]
[Result "1-0"]
[Round "10"]
[TimeControl "180+1"]
[Date "2022.12.07"]
[WhiteClock "0:00:19"]
[BlackClock "0:00:21"]

1. Nf3 Nf6 2. g3 g6 3. Bg2 Bg7 4. c4 O-O 5. O-O d6 6. d4 Nc6 7. Nc3 a6 8. d5 Na5 9. b3 c5 10. dxc6 bxc6 11. Bg5 Rb8 12. Qd2 Qc7 13. Rac1 Nb7 14. e4 e5 15. h3 Nc5 16. Rfe1 Kh8 17. Rcd1 Ng8 18. Qxd6 Qxd6 19. Rxd6 Be6 20. Rxc6 Nd3 21. Rd1 Nb4 22. Rc7 Rfc8 23. Rxc8 Rxc8 24. Rd2 h6 25. Be3 g5 26. Ne1 Ne7 27. Nd5 Nbc6 28. Nc2 f5 29. Nxe7 Nxe7 30. Rd6 Bf7 31. Rxa6 f4 32. Bb6 Nc6 33. Bc5 Be8 34. b4 Rd8 35. b5 Rd1+ 36. Kh2 Nd4 37. Nxd4 exd4 38. Ra8 Kh7 39. Rxe8 d3 40. e5 d2 41. Be4# 1-0


[Site "https://www.chess.com"]

[Event "Titled Tuesday Blitz December 06 Early 2022"]
[White "Molina, Roberto Junio Brito"]
[Black "Durarbayli, Vasif"]
[WhiteFideId "2109450"]
[BlackFideId "13402935"]
[WhiteElo "2376"]
[BlackElo "2576"]
[Result "1-0"]
[Round "10"]
[TimeControl "180+1"]
[Date "2022.12.06"]
[WhiteClock "0:01:13"]
[BlackClock "0:00:02"]

1. d4 g6 2. e4 Bg7 3. Nc3 d6 4. Be3 a6 5. h4 Nf6 6. Qd2 Ng4 7. Bf4 e5 8. dxe5 dxe5 9. Qxd8+ Kxd8 10. Bg5+ f6 11. Bd2 h5 12. f3 Nh6 13. O-O-O Bd7 14. Be3 Nf7 15. Nd5 Nc6 16. a3 Nd6 17. Ne2 Nc4 18. Bf2 Bh6+ 19. Kb1 Nd2+ 20. Ka1 Rf8 21. Be3 Bxe3 22. Nxe3 Nxf1 23. Rhxf1 Ke8 24. Nd5 Rc8 25. Rd2 Be6 26. Rfd1 Kf7 27. Kb1 Rfd8 28. Kc1 Rd7 29. Ne3 Rxd2 30. Rxd2 Rg8 31. b4 Ne7 32. c4 g5 33. hxg5 Rxg5 34. Nc3 h4 35. Kd1 h3 36. g4 Rg8 37. Ke1 Ng6 38. Kf2 Rh8 39. Kg3 Nf4 40. Kh2 c6 41. c5 a5 42. b5 cxb5 43. Nxb5 Kg6 44. Nd6 Rh7 45. Rb2 Rc7 46. Nxb7 Nd3 47. Rb6 Bd7 48. Nd5 Rc6 49. Ne7+ Kg5 50. Nxc6 Kf4 51. Ne7 1-0


[Site "https://www.chess.com"]

[Event "Titled Tuesday Blitz December 06 Early 2022"]
[White "Najdin, Danil"]
[Black "Samaganova, Aleksandra"]
[WhiteFideId "4172426"]
[BlackFideId "13800221"]
[WhiteElo "2245"]
[BlackElo "1864"]
[Result "1-0"]
[Round "10"]
[TimeControl "180+1"]
[Date "2022.12.07"]
[WhiteClock "0:00:02"]
[BlackClock "0:00:01"]

1. e4 c5 2. Nf3 e6 3. d4 cxd4 4. Nxd4 a6 5. Bd3 Qc7 6. c4 Nf6 7. Nc3 b6 8. Be3 Bb7 9. O-O d6 10. Rc1 Nbd7 11. b4 Rc8 12. f4 Qb8 13. Qe2 Be7 14. Nb3 O-O 15. g4 d5 16. cxd5 exd5 17. e5 Ne4 18. Nxe4 dxe4 19. Bxa6 Bxb4 20. Rfd1 Nc5 21. Nxc5 Bxc5 22. Bc4 Kh8 23. Bb3 Qa8 24. Bxc5 Rxc5 25. Rxc5 bxc5 26. Rd7 Ba6 27. Qc2 c4 28. Ba4 e3 29. Qg2 Qb8 30. Qe4 Qb6 31. Bc2 e2+ 32. Rd4 g6 33. Qe3 Qb2 34. Kf2 1-0


[Site "https://www.chess.com"]

[Event "Titled Tuesday Blitz December 06 Early 2022"]
[White "Ohanyan, Emin"]
[Black "Lenderman, Aleksandr"]
[WhiteFideId "13312022"]
[BlackFideId "2021285"]
[WhiteElo "2352"]
[BlackElo "2607"]
[Result "1/2-1/2"]
[Round "10"]
[TimeControl "180+1"]
[Date "2022.12.06"]
[WhiteClock "0:00:21"]
[BlackClock "0:00:20"]

1. e4 e6 2. d4 d5 3. Nc3 dxe4 4. Nxe4 Nd7 5. Nf3 Ngf6 6. Bd3 c5 7. O-O Nxe4 8. Bxe4 Nf6 9. Bg5 Be7 10. Bxf6 Bxf6 11. dxc5 Qc7 12. c3 Qxc5 13. Qc2 Bd7 14. Bxb7 Rb8 15. Be4 Bb5 16. Rfe1 h6 17. a4 Bc4 18. b4 Qc7 19. Rac1 O-O 20. Nd2 Rfc8 21. b5 a6 22. Nxc4 Qxc4 23. Bc6 axb5 24. axb5 Qc5 25. c4 Bd4 26. g3 Rc7 27. Kg2 Rxc6 28. bxc6 Rb2 29. Qe4 Rxf2+ 30. Kh1 e5 31. Qd5 Qa7 32. Rf1 Re2 33. Qd7 Qa2 34. Qxf7+ Kh7 35. Qf5+ Kh8 36. Qf8+ Kh7 37. Qf5+ Kh8 38. Qh5 Bf2 39. Rcd1 Qc2 40. Qf3 Bd4 41. Qf8+ Kh7 42. Qf5+ Qxf5 43. Rxf5 Rc2 44. Rxd4 exd4 45. Rc5 d3 46. c7 d2 47. Rd5 Rxc4 48. Rxd2 Rxc7 49. Kg2 Rc3 50. h4 h5 51. Kh3 Kg6 52. Rd5 Kh6 53. Rd6+ g6 54. Rd8 Kg7 55. Rd7+ Kf6 56. Rd6+ Kf5 57. Kg2 Re3 58. Kf2 Ra3 59. Rb6 Ra5 60. Kf3 Re5 61. Rb8 Kf6 62. Kf4 Rf5+ 63. Ke4 Kg7 64. Rb7+ Kh6 65. Rb8 Rf1 66. Rh8+ Kg7 67. Ra8 Rg1 68. Kf4 Rf1+ 69. Ke4 Rb1 70. Kf3 Rb3+ 71. Kg2 Rb2+ 72. Kh3 Rb3 73. Ra4 Kf6 74. Rf4+ Ke5 75. Rf1 Rb4 76. Rf8 Ke6 77. Kg2 Rb2+ 78. Kf3 Rb3+ 79. Kf4 Rb4+ 80. Kf3 Rb3+ 81. Kf4 Rb4+ 82. Ke3 Rb3+ 83. Kf2 Rb2+ 84. Kf1 Rb1+ 85. Kg2 Rb2+ 86. Kh3 Rb3 87. Rf4 Rb5 88. Rf3 Rf5 89. Ra3 Kf6 90. g4 hxg4+ 91. Kxg4 Rb5 92. Ra6+ Kg7 93. Ra4 Kh6 94. Ra8 Rb4+ 95. Kg3 Rb3+ 96. Kf4 Rb4+ 97. Kg3 Rb3+ 98. Kf4 Rb4+ 99. Kg3 1/2-1/2


[Site "https://www.chess.com"]

[Event "Titled Tuesday Blitz December 06 Early 2022"]
[White "Osiecki, Stanislaw"]
[Black "Seletsky, Grigory"]
[WhiteFideId "1102990"]
[BlackFideId "14112191"]
[WhiteElo "2088"]
[BlackElo "2492"]
[Result "0-1"]
[Round "10"]
[TimeControl "180+1"]
[Date "2022.12.07"]
[WhiteClock "0:01:00"]
[BlackClock "0:02:10"]

1. e4 e6 2. d4 d5 3. e5 c5 4. c3 Nc6 5. Nf3 Bd7 6. Bd3 Rc8 7. dxc5 Bxc5 8. O-O Nge7 9. Bf4 Ng6 10. Bg3 O-O 11. h4 f5 12. exf6 Qxf6 13. h5 Nf4 14. Bxf4 Qxf4 15. Qc2 h6 16. Nbd2 e5 17. Bh7+ Kh8 18. g3 Qf6 19. Qg6 e4 20. Nh4 Ne5 21. Qxf6 Rxf6 22. Ng6+ Nxg6 23. Bxg6 Rcf8 24. Nb3 Bxf2+ 25. Kg2 Bg4 26. Nd4 Bxd4 27. cxd4 Rxf1 28. Rxf1 Bh3+ 29. Kxh3 Rxf1 0-1


[Site "https://www.chess.com"]

[Event "Titled Tuesday Blitz December 06 Early 2022"]
[White "Osinovsky, Stepan"]
[Black "Pajeken, Jakob Leon"]
[WhiteFideId "4157354"]
[BlackFideId "12942839"]
[WhiteElo "2222"]
[BlackElo "2414"]
[Result "1/2-1/2"]
[Round "10"]
[TimeControl "180+1"]
[Date "2022.12.07"]
[WhiteClock "0:00:07"]
[BlackClock "0:01:24"]

1. e3 Nf6 2. g3 d5 3. Bg2 g6 4. Nf3 Bg7 5. O-O O-O 6. b3 c5 7. Bb2 Nc6 8. c4 d4 9. exd4 cxd4 10. Re1 Re8 11. d3 e5 12. Nbd2 a5 13. a3 Nd7 14. Ne4 Bf8 15. c5 Nxc5 16. Nxc5 Bxc5 17. Bc1 f6 18. Nd2 Be6 19. Ne4 Be7 20. h4 Qb6 21. Rb1 Rad8 22. Qf3 Rf8 23. Qe2 Na7 24. b4 a4 25. b5 Rd5 26. Ng5 fxg5 27. Bxd5 Bxd5 28. Qxe5 Ba2 29. Qxe7 Bxb1 30. Bxg5 Bxd3 31. Re6 Qxb5 32. Bf6 Rf7 33. Qd8+ Rf8 34. Qe7 Rf7 35. Qd8+ Rf8 36. Qe7 1/2-1/2


[Site "https://www.chess.com"]

[Event "Titled Tuesday Blitz December 06 Early 2022"]
[White "Palacio,Igor Da Paz"]
[Black "Ciuffoletti, Paolo"]
[WhiteFideId "2121140"]
[BlackFideId "807630"]
[WhiteElo "2126"]
[BlackElo "2143"]
[Result "0-1"]
[Round "10"]
[TimeControl "180+1"]
[Date "2022.12.07"]
[WhiteClock "0:00:01"]
[BlackClock "0:00:27"]

1. e4 c5 2. Nc3 Nc6 3. g3 g6 4. Bg2 Bg7 5. d3 d6 6. f4 e6 7. Nf3 Nge7 8. Be3 Rb8 9. O-O b5 10. a3 a5 11. Rb1 b4 12. axb4 axb4 13. Ne2 Ba6 14. Nd2 Nd4 15. Nc4 O-O 16. Bf2 Nec6 17. Nxd4 Nxd4 18. h4 h5 19. Kh2 d5 20. Ne5 Qc7 21. Be3 Nc6 22. Nxc6 Qxc6 23. Qf3 b3 24. exd5 Qxd5 25. Qxd5 exd5 26. c4 dxc4 27. dxc4 Bxc4 28. Bxc5 Bxf1 29. Bxf8 Bd3 30. Rd1 Bc2 31. Bd6 Bxd1 32. Bxb8 Bxb2 33. Bd5 Bc3 34. Bd6 b2 35. Be4 Bb3 36. Bb1 Bd5 37. Kg1 f5 38. Kf1 Be4 39. Ba2+ Kg7 0-1


[Site "https://www.chess.com"]

[Event "Titled Tuesday Blitz December 06 Early 2022"]
[White "Petrova, Irina"]
[Black "Albertini, Luca"]
[WhiteFideId "14124122"]
[BlackFideId "847038"]
[WhiteElo "2023"]
[BlackElo "2207"]
[Result "0-1"]
[Round "10"]
[TimeControl "180+1"]
[Date "2022.12.07"]
[WhiteClock "0:00:02"]
[BlackClock "0:00:46"]

1. e4 e5 2. Nf3 Nc6 3. Bb5 a6 4. Ba4 Nf6 5. d3 b5 6. Bb3 Be7 7. O-O O-O 8. c3 d6 9. h3 Na5 10. Bc2 c5 11. Nbd2 Qc7 12. Re1 Bb7 13. b3 Rfe8 14. Bb2 Nd7 15. d4 Bf6 16. d5 Bc8 17. c4 b4 18. Nf1 Nf8 19. Ng3 g6 20. Nh2 Nb7 21. Bc1 a5 22. Ng4 Bg7 23. Qf3 Bxg4 24. hxg4 Nd8 25. Bg5 Nd7 26. Kf1 Nb6 27. Ke2 a4 28. Rh1 axb3 29. axb3 Ra3 30. Rxa3 bxa3 31. Nf1 f6 32. Bh6 Nf7 33. Bxg7 Kxg7 34. Ne3 Ng5 35. Qg3 a2 36. Qh4 Ra8 37. Ra1 Qa7 38. Nd1 Qa5 39. g3 Qb4 40. f4 Nf7 41. g5 fxg5 42. fxg5 Nxc4 43. bxc4 Qxc4+ 44. Bd3 Qd4 45. Rc1 a1=Q 46. Rxa1 Rxa1 47. Nf2 Ra2+ 48. Kd1 Qxf2 0-1


[Site "https://www.chess.com"]

[Event "Titled Tuesday Blitz December 06 Early 2022"]
[White "Piesik, Piotr"]
[Black "Galchenko, Matvey"]
[WhiteFideId "1136194"]
[BlackFideId "24175480"]
[WhiteElo "2316"]
[BlackElo "2404"]
[Result "0-1"]
[Round "10"]
[TimeControl "180+1"]
[Date "2022.12.06"]
[WhiteClock "0:00:17"]
[BlackClock "0:00:06"]

1. Nf3 c5 2. e4 g6 3. c3 Bg7 4. d4 cxd4 5. cxd4 d5 6. e5 a6 7. h3 Nc6 8. Nc3 f6 9. Bf4 fxe5 10. Nxe5 Nf6 11. Nxc6 bxc6 12. Be5 O-O 13. Be2 Nd7 14. Bxg7 Kxg7 15. O-O e5 16. dxe5 Nxe5 17. f4 Nd7 18. Rc1 Qb6+ 19. Kh1 Qxb2 20. Qd4+ Nf6 21. g4 c5 22. Qxc5 d4 23. Qxd4 Bb7+ 24. Kg1 Rad8 25. Qc5 Rd3 26. Rb1 Rg3+ 27. Kf2 Rxc3 28. Qxf8+ Kxf8 29. Rxb2 Ne4+ 30. Ke1 Rc1+ 31. Bd1 Bd5 32. Rc2 Rb1 33. f5 g5 34. Ke2 Ng3+ 35. Kf2 Nxf1 36. Be2 Nh2 37. Kg3 Rh1 38. Rd2 Be4 39. Bxa6 Nf1+ 40. Bxf1 Rxf1 41. a4 Rf3+ 42. Kh2 Ra3 43. Rd4 Ra2+ 44. Kg1 Bc6 45. Rd6 Bxa4 46. Ra6 Bb3 47. Rb6 Bf7 48. Rb8+ Kg7 49. Rb7 Ra1+ 50. Kh2 Ra2+ 51. Kg3 Ra3+ 52. Kh2 Kf6 53. Rb6+ Ke5 54. Rh6 Kf4 55. Rxh7 Ra2+ 56. Kg1 Bc4 57. Rc7 Kg3 0-1


[Site "https://www.chess.com"]